 Dungeon Crawl Stone Soup version 0.22-a0-44-geb883ae (webtiles) character file.

38 KristoblXynda the Cutter (level 3, 0/29 HPs)
             Began as a Draconian Gladiator on Jan 6, 2018.
             Splashed by a jelly's acid (8 damage)
             ... on level 2 of the Dungeon.
             The game lasted 00:02:59 (1393 turns).

KristoblXynda the Cutter (Draconian Gladiator)      Turns: 1393, Time: 00:03:00

Health: 0/29       AC:  1    Str: 16    XL:     3   Next: 25%
Magic:  12/12      EV: 13    Int:  9    God:
Gold:   62         SH:  0    Dex: 12    Spells: 2/2 levels left

rFire    . . .     SeeInvis .   a - +0 rapier
rCold    . . .     Gourm    .   (no shield)
rNeg     . . .     Faith    .   (armour unavailable)
rPois    .         Spirit   .   b - +0 hat
rElec    .         Reflect  .   (no cloak)
rCorr    .         Harm     .   (no gloves)
MR       .....                  (no boots)
Stlth    +.........             (no amulet)
HPRegen  0.09/turn              g - ring of magical power
MPRegen  0.13/turn              (no ring)

@: corroded
A: unfitting armour, cold-blooded, AC +5
a: no special abilities


You were on level 2 of the Dungeon.
You were not hungry.

You visited 1 branch of the dungeon, and saw 2 of its levels.

You collected 62 gold pieces.

Inventory:

Hand Weapons
 a - a +0 rapier (weapon)
Missiles
 c - 3 throwing nets (quivered)
Armour
 b - a +0 hat (worn)
Jewellery
 g - a ring of magical power (left hand)
Scrolls
 e - a scroll of remove curse {unknown}
 f - 2 scrolls of blinking {unknown}
Comestibles
 d - 2 rations
 h - 3 chunks of flesh


   Skills:
 - Level 2.1 Fighting
 + Level 3.5 Short Blades
 + Level 2.3 Throwing
 + Level 3.1 Dodging


You had 2 spell levels left.
You didn't know any spells.

Dungeon Overview and Level Annotations

Branches:
Dungeon (2/15)

Altars:

Annotations:
D:2 Sigmund


Innate Abilities, Weirdness & Mutations

Your plain brown scales are hard. (AC +5)
You cannot fit into any form of body armour.
You are cold-blooded and may be slowed by cold attacks.


Message History

You hit the jelly.
Your hands burn!
The jelly is lightly wounded.
The jelly hits you but does no damage.
You hit the jelly.
Your hands burn!
The jelly is moderately wounded.
The jelly misses you.
You hit the jelly.
Your hands burn!
The jelly is heavily wounded.
The jelly hits you. The acid corrodes you!
You are splashed with acid!
The acid burns!
You hit the jelly.
Your hands burn!
The jelly is heavily wounded.
The jelly closely misses you.
You hit the jelly.
Your hands burn!
You tail-slap the jelly, but do no damage.
The jelly is severely wounded.
The jelly hits you.
* * * LOW HITPOINT WARNING * * *
You are splashed with acid!
The acid burns!
You die...

#.......# .##.###
###.....###.......
#.w.............
##..##........#
##..##..#....# # #
##.###......# #. #
#..####.....##.####
##J# ...#......##
#####@####...##...%...
#.....>......<......##
#............########
#............#
##############


You could see a worm and a jelly.

Vanquished Creatures
  A worm (D:2)
  2 dart slugs (D:1)
  2 leopard geckos
  2 giant cockroaches
  3 goblins
  2 hobgoblins
  A ball python (D:1)
  3 bats (D:1)
  6 frilled lizards
  5 kobolds
  5 rats (D:1)
32 creatures vanquished.

Notes
Turn   | Place    | Note
-------+----------+-------------------------------------------
     0 | D:1      | KristoblXynda the Draconian Gladiator began the quest for the Orb.
     0 | D:1      | Reached XP level 1. HP: 17/17 MP: 1/1
   462 | D:1      | Reached XP level 2. HP: 24/24 MP: 2/2
   997 | D:2      | Noticed Sigmund
  1054 | D:2      | Reached XP level 3. HP: 21/29 MP: 3/3
  1393 | D:2      | Splashed by a jelly's acid

Vault maps used:
D:1:      dpeg_arrival_court, grunt_decor_fettered, st_stairs_5
D:2:      old_standard_altar, uniq_sigmund

Skill      XL: |  1  2 |
---------------+-------+-----
Throwing       | 2 |  2.3
Dodging        | 3 |  3.1
Fighting       | |  2.1
Short Blades   | |  3.5

Action                   || total
-------------------------++-------
Melee: Rapier            ||   103
       Tailslap          ||    13
  Use: Scroll            ||     1
  Eat: Ration            ||     1
Armor: Skin              ||    42
Dodge: Dodged            ||   124

Table legend:
 A = Spawn XP
 B = Non-spawn XP
 C = Spawn XP percentage of total XP
 D = Spawn monster count
 E = Non-spawn monster count
 F = Spawn count percentage of total count
 G = Total turns spent on level
                    A         B        C        D         E        F      G
               +---------+---------+-------+---------+---------+-------+---------
         Total |       0 |      55 |   0.0 |       0 |      32 |   0.0 |  1393
               +---------+---------+-------+---------+---------+-------+---------
           D:1 |       0 |      35 |   0.0 |       0 |      22 |   0.0 |  1176
           D:2 |       0 |      20 |   0.0 |       0 |      10 |   0.0 |   217
               +---------+---------+-------+---------+---------+-------+---------
